 Dungeon Crawl Stone Soup version 0.30-a0-534-gdc55766716 (webtiles) character file.

Game seed: 6076358899531330971

24801 arthad the Geomancer (level 13, -1/76 HPs)
             Began as a Gargoyle Earth Elementalist on Dec 24, 2022.
             Was an Initiate of Gozag.
             Slain by a cyclops (12 damage)
             ... on level 13 of the Dungeon on Dec 25, 2022.
             The game lasted 00:35:17 (15003 turns).

arthad the Geomancer (Gargoyle Earth Elementalist) Turns: 15003, Time: 00:35:18

Health: -1/76      AC: 28    Str: 12    XL:     13   Next: 15%
Magic:  9/44       EV: 15    Int: 32    God:    Gozag
Gold:   2434       SH:  0    Dex:  5    Spells: 17/30 levels left

rFire   + . .      SeeInvis .    a - +3 executioner's axe (vamp)
rCold   . . .      Faith    .    (shield currently unavailable)
rNeg    + . .      Spirit   .    X - +4 ring mail "Yllauv" {rF+ MP+9 Int+5 Dex-5}
rPois   ∞          Reflect  .    n - +0 helmet
rElec   +          Harm     .    I - +1 cloak of Starlight {*Dazzle EV+4 Stlth--}
rCorr   .          Rampage  ∞    U - +2 pair of gloves
Will    .....                    j - +3 pair of seven-league boots {Rampage+∞} Stlth
                                 (no amulet)
HPRegen 0.32/turn                d - +6 ring of intelligence
MPRegen 0.29/turn                G - ring of magical power

@: mighty, gold aura
A: sickness immunity, AC +9, negative energy resistance 1, electricity
resistance, torment resistance 1, petrification resistance
a: Renounce Religion, Potion Petition, Call Merchant, Bribe Branch


You were on level 13 of the Dungeon.
You worshipped Gozag.
Gozag was most pleased with you.
You visited 1 branch of the dungeon, and saw 13 of its levels.
You also visited: Ossuary.

You collected 3219 gold pieces.
You spent 719 gold pieces at shops.
You paid 66 gold pieces to Gozag.

Inventory:

Hand Weapons
 a - a +3 vampiric executioner's axe (weapon)
 s - a +0 broad axe
 v - a +1 flail of holy wrath
 J - a +0 scimitar of flaming
 M - a +4 quarterstaff of chaos
Missiles
 p - 4 javelins
 t - 2 atropa-tipped darts
 C - 37 poisoned darts
 N - a curare-tipped dart
Armour
 j - the +3 pair of seven-league boots (worn) {Rampage+∞}
   (You found it on level 13 of the Dungeon)

   Its wearer moves as far as possible in that direction when moving towards
   enemies.
 n - a +0 helmet (worn)
 A - a +2 leather armour of poison resistance
 I - the +1 cloak of Starlight (worn) {*Dazzle EV+4 Stlth--}
   (You bought it in a shop on level 2 of the Dungeon)

   It may blind those who miss an attack against the wearer in melee combat.
   EV:        It affects your evasion (+4).
   Stlth:     It makes you much less stealthy.
 K - +0 steam dragon scales
 S - a +0 pair of boots
 U - a +2 pair of gloves (worn)
 X - the +4 ring mail "Yllauv" (worn) {rF+ MP+9 Int+5 Dex-5}
   (You found it on level 12 of the Dungeon)

   Int:       It affects your intelligence (+5).
   Dex:       It affects your dexterity (-5).
   rF:        It protects you from fire.
   MP:        It affects your magic capacity (+9).
Magical Staves
 z - a staff of air
Jewellery
 d - a +6 ring of intelligence (left hand)
 G - a ring of magical power (right hand)
 Q - a ring of see invisible
 T - an amulet of regeneration
 Z - a ring of ice
Wands
 x - a wand of digging (2)
 D - a wand of roots (5)
 H - a wand of charming (5)
 L - a wand of quicksilver (6)
 V - a wand of mindburst (2)
Scrolls
 c - a scroll of blinking
 e - 3 scrolls of amnesia
 g - 2 scrolls of fog
 i - 10 scrolls of teleportation
 l - 2 scrolls of vulnerability
 y - 3 scrolls of noise
 B - 6 scrolls of fear
 F - a scroll of enchant armour
 P - 3 scrolls of magic mapping
 R - a scroll of poison
 W - 4 scrolls of immolation
 Y - a scroll of brand weapon
Potions
 b - 2 potions of magic
 f - 3 potions of brilliance
 h - 4 potions of heal wounds
 k - 3 potions of haste
 m - 11 potions of curing
 o - 4 potions of mutation
 q - a potion of flight
 r - 17 potions of degeneration
 u - a potion of invisibility
 w - 2 potions of attraction
 E - a potion of lignification
 O - 3 potions of might


   Skills:
 + Level 7.2 Fighting
 + Level 6.0 Axes
 + Level 6.0 Dodging
 - Level 5.1 Stealth
 * Level 9.4 Spellcasting
 * Level 10.3 Conjurations
 + Level 5.8 Transmutations
 * Level 12.3 Earth Magic


You had 17 spell levels left.
You knew the following spells:

 Your Spells              Type           Power      Damage    Failure   Level
a - Sandblast             Erth           100%       2d20      1%          1
b - Stone Arrow           Conj/Erth      100%       3d13      1%          3
c - Iron Shot             Conj/Erth      36%        9d7       11%         6
d - Mephitic Cloud        Conj/Pois/Air  37%        N/A       5%          3

Your spell library contained the following spells:

 Spells                   Type           Power      Damage    Failure   Level
 Kiss of Death            Conj/Necr      100%       2d13      1%          1
 Magic Dart               Conj           100%       1d8       1%          1
 Passwall                 Tmut/Erth      54%        N/A       1%          2
 Searing Ray              Conj           100%       2d8       1%          2
 Petrify                  Tmut/Erth      65%        N/A       1%          4
 Dazzling Flash           Conj/Hex       96%        N/A       2%          3
 Animate Armour           Summ/Erth      100%       N/A       6%          4
 Leda's Liquefaction      Hex/Erth       26%        N/A       6%          4
 Flame Wave               Conj/Fire      48%        2d12      9%          4
 Fulminant Prism          Conj/Hex       24%        3d12      9%          4
 Sticky Flame             Conj/Fire      48%        2d7       9%          4
 Ignite Poison            Fire/Tmut/Pois 27%        N/A       10%         3
 Call Imp                 Summ           15%        N/A       11%         2
 Blade Hands              Tmut           25%        N/A       19%         5
 Call Canine Familiar     Summ           15%        N/A       22%         3
 Confusing Touch          Hex            15%        N/A       22%         3
 Inner Flame              Hex/Fire       15%        N/A       22%         3
 Portal Projectile        Hex/Tloc       30%        N/A       22%         3
 Anguish                  Hex/Necr       7%         N/A       58%         4
 Dispel Undead            Necr           15%        3d10      58%         4
 Metabolic Englaciation   Hex/Ice        7%         N/A       90%         5
 Enfeeble                 Hex            7%         N/A       100%        7
 Malign Gateway           Summ/Tloc      7%         N/A       100%        7
 Spellforged Servitor     Conj/Summ      24%        N/A       100%        7
 Statue Form              Tmut/Erth      Unusable   N/A       N/A         6

Dungeon Overview and Level Annotations

Branches:
Dungeon (13/15)            Temple (0/1) D:7            Lair (0/5) D:10
    Orc (0/2) D:11        Ossuary (visited)
 Vaults: D:13-14

Altars:
Dithmenos
Gozag
Makhleb
Qazlal
Trog
Vehumet
Wu Jian

Shops:
D:2 *   D:5 :   D:7 (:[(   D:12 *


Innate Abilities, Weirdness & Mutations

You are immune to sickness and miasma.
Your stone body is resilient. (AC +9)
You are immune to poison.
You resist negative energy. (rN+)
You are resistant to electric shocks. (rElec)
You are resistant to unholy torment.
You are immune to petrification.


Message History

The boulder beetle leaps!
The acid dragon bites you but does no damage.
The acid dragon claws you but does no damage.
The boulder beetle leaps!
You barely miss the acid dragon.
The acid dragon is almost dead.
The acid dragon closely misses you.
The acid dragon is temporarily struck blind!
The acid dragon misses you. The acid dragon bites you!
* * * LOW HITPOINT WARNING * * *
The acid dragon barely misses you.
You closely miss the acid dragon.
The acid dragon is almost dead.
The boulder beetle leaps!
The acid dragon closely misses you.
The acid dragon claws you but does no damage.
You slice the acid dragon!!
You kill the acid dragon!
The acid dragon's shape twists and changes as it dies.
Your Dodging skill increases to level 6!
You stride towards the boulder beetle!
You slice the boulder beetle!!
You feel better.
The boulder beetle is almost dead.
The boulder beetle bites you but does no damage.
You hit the boulder beetle.
The boulder beetle is almost dead.
The boulder beetle is distracted by your dazzling golden aura.
A cyclops comes into view.
You slash the boulder beetle!
You kill the boulder beetle!
The cyclops throws a large rock.
The large rock hits you but does no damage.
The cyclops throws a large rock.
The large rock misses you. The cyclops hits you!!
* * * LOW HITPOINT WARNING * * *
You see here 21 gold pieces.
You slash the cyclops!
You feel better.
The cyclops is lightly wounded.
The cyclops hits you!
You die...
Your body crumbles into a pile of gold.

...##.# .# .# #..
....... #####.#..# #..
....... #.....#..# #..
....... #........# #..
....... #........# #..
....... #........# #..
.......###..$.###.#.##..
.......@..$.$.$$........
......C###############.#
....... #...#... .......
$ #.♣.#... .......
#...)).. ..?....
#..###.# .......
#...#(.. ..##...
###.#<<< #...#...


You could see a cyclops.

Vanquished Creatures
  2 hydras (D:12)
  5 two-headed ogres
  2 centaur warriors
  3 boulder beetles
  A tengu warrior (D:13)
  Pikel (D:6)
  A harpy (D:12)
  A manticore (D:12)
  3 cyclopes
  An ugly thing (D:13)
  Joseph (D:8)
  2 gargoyles
  Maggie (D:6)
  An efreet (D:13)
  A tengu conjurer (D:13)
  A troll (D:10)
  Sigmund (D:4)
  A centaur simulacrum (D:13)
  2 wraiths
  4 wyverns (D:10)
  A vampire (D:9)
  Eustachio (D:4)
  28 yaks
  2 basilisks
  2 steam dragons
  6 vampire mosquitoes
  Menkaure (D:6)
  An acid dragon (shapeshifter) (D:13)
  An acid dragon (D:7)
  5 water moccasins
  A sky beast (D:6)
  A swamp drake (D:11)
  5 orc warriors
  2 ice beasts (D:7)
  2 ogres
  4 centaurs
  5 kobold brigands
  3 phantoms
  Blork the orc (D:4)
  2 bullfrogs (D:7)
  A gnoll sergeant (D:9)
  6 scorpions
  6 wights
  13 killer bees
  2 howler monkeys (D:10)
  2 centaur zombies (Ossuary)
  5 hounds
  A human zombie (Ossuary)
  Crazy Yiuf (D:6)
  A jelly (D:7)
  5 orc priests
  5 iguanas
  14 orc wizards
  3 ogre zombies (Ossuary)
  7 mummies (Ossuary)
  12 gnolls
  7 adders
  A shadow imp (D:6)
  A white imp (D:6)
  6 adder zombies (Ossuary)
  2 worms
  2 dart slugs (D:3)
  44 orcs
  5 endoplasms
  A giant cockroach (D:4)
  6 goblins
  8 hobgoblins
  4 jackals (D:4)
  7 quokkas
  12 ball pythons
  5 bats
  14 frilled lizards
  A gnoll zombie (Ossuary)
  3 goblin zombies (Ossuary)
  A hobgoblin zombie (Ossuary)
  17 kobolds
  2 kobold zombies (Ossuary)
  An orc zombie (Ossuary)
  4 quokka zombies (Ossuary)
  7 rats
  6 rat zombies (Ossuary)
360 creatures vanquished.

Vanquished Creatures (others)
  A yak (D:10)
  2 bushes (D:10)
  2 fungi (D:10)
  24 plants
29 creatures vanquished.

Grand Total: 389 creatures vanquished

Notes
Turn   | Place    | Note
-------+----------+-------------------------------------------
     0 | D:1      | arthad the Gargoyle Earth Elementalist began the quest for
                  | the Orb.
     0 | D:1      | Reached XP level 1. HP: 10/10 MP: 3/3
   173 | D:1      | Reached skill level 1 in Transmutations
   173 | D:1      | Reached XP level 2. HP: 15/15 MP: 3/5
   497 | D:1      | Reached skill level 4 in Earth Magic
   735 | D:1      | Reached XP level 3. HP: 17/19 MP: 0/6
  1024 | D:2      | Found an ornate altar of the Wu Jian Council.
  1249 | D:2      | Found a faded altar of an unknown god.
  1398 | D:2      | Reached XP level 4. HP: 24/24 MP: 2/8
  1625 | D:2      | Found Ogopreusoo's General Store.
  1648 | D:2      | Bought a potion of curing for 39 gold pieces
  1648 | D:2      | Bought a +0 broad axe for 52 gold pieces
  1997 | D:3      | Noticed a phantom
  2001 | D:3      | Killed a phantom
  2002 | D:3      | Reached XP level 5. HP: 27/28 MP: 4/9
  2290 | D:3      | Learned a level 3 spell: Stone Arrow
  3124 | D:4      | Reached skill level 5 in Earth Magic
  3142 | D:4      | Reached XP level 6. HP: 33/33 MP: 5/11
  3205 | D:4      | Noticed Sigmund
  3216 | D:4      | Killed Sigmund
  3217 | D:4      | Reached skill level 1 in Fighting
  3217 | D:4      | Reached skill level 1 in Conjurations
  3297 | D:4      | Reached XP level 7. HP: 38/38 MP: 7/12
  3319 | D:4      | Reached skill level 1 in Axes
  3807 | D:4      | Found a shadowy altar of Dithmenos.
  4126 | D:4      | Noticed Blork the orc
  4132 | D:4      | Killed Blork the orc
  4174 | D:4      | Found an opulent altar of Gozag.
  4193 | D:4      | Became a worshipper of Gozag Ym Sagoz the Greedy
  4209 | D:4      | Noticed Eustachio
  4221 | D:4      | Killed Eustachio
  4222 | D:4      | Reached skill level 6 in Earth Magic
  4222 | D:4      | Reached XP level 8. HP: 44/44 MP: 5/14
  4622 | D:5      | Entered Level 5 of the Dungeon
  4766 | D:5      | Noticed a yak
  4766 | D:5      | Noticed a yak
  4767 | D:5      | Noticed a yak
  5195 | D:5      | Found Pyschaz's Book Boutique.
  5323 | D:5      | Noticed a yak
  5324 | D:5      | Noticed a yak
  5325 | D:5      | Killed a yak
  5327 | D:5      | Killed a yak
  5332 | D:5      | Killed a yak
  5339 | D:5      | Killed a yak
  5340 | D:5      | Reached XP level 9. HP: 23/49 MP: 0/16
  5354 | D:5      | Reached skill level 5 in Spellcasting
  5354 | D:5      | Reached skill level 7 in Earth Magic
  5671 | D:5      | Found a stormy altar of Qazlal.
  5906 | D:6      | Found a sand-covered staircase.
  5942 | Ossuary  | Entered an ossuary
  6191 | Ossuary  | Reached skill level 5 in Stealth
  6409 | Ossuary  | Reached skill level 5 in Conjurations
  6817 | D:6      | Noticed Menkaure
  6819 | D:6      | Killed Menkaure
  6975 | D:2      | Bought the +1 cloak of Starlight {*Dazzle EV+4 Stlth--} for
                  | 396 gold pieces
  6975 | D:2      | Found the +1 cloak of Starlight {*Dazzle EV+4 Stlth--}
  7161 | D:6      | Found an ornate altar of the Wu Jian Council.
  7366 | D:6      | Found a radiant altar of Vehumet.
  7420 | D:6      | Noticed Maggie
  7424 | D:6      | Killed Maggie
  7425 | D:6      | Reached skill level 8 in Earth Magic
  7573 | D:6      | Noticed Pikel
  7580 | D:6      | Killed Pikel
  7581 | D:6      | Reached XP level 10. HP: 56/56 MP: 0/19
  7877 | D:6      | Found a runed translucent door.
  7878 | D:6      | Noticed Crazy Yiuf
  7882 | D:6      | Killed Crazy Yiuf
  8059 | D:7      | Found a burning altar of Makhleb.
  8314 | D:7      | Found Sacsomofu's Book Boutique.
  8353 | D:7      | Found Jexawy's Antique Weapon Emporium.
  8558 | D:7      | Found a staircase to the Ecumenical Temple.
  8590 | D:7      | Found Kampyfe's Weapon Emporium.
  8675 | D:7      | Found a bloodstained altar of Trog.
  8940 | D:7      | Found Gasoh's Armour Emporium.
  9084 | D:8      | Reached skill level 9 in Earth Magic
  9183 | D:8      | Noticed Joseph
  9196 | D:8      | Killed Joseph
  9376 | D:8      | Reached skill level 5 in Fighting
  9643 | D:8      | Reached XP level 11. HP: 63/63 MP: 21/21
  9650 | D:8      | Learned a level 6 spell: Iron Shot
 10397 | D:9      | Noticed a two-headed ogre
 10401 | D:9      | Killed a two-headed ogre
 10777 | D:10     | Entered Level 10 of the Dungeon
 10801 | D:10     | Reached skill level 10 in Earth Magic
 10905 | D:10     | Noticed a two-headed ogre
 10911 | D:10     | Killed a two-headed ogre
 11140 | D:10     | Found a staircase to the Lair.
 11164 | D:10     | Noticed a two-headed ogre
 11175 | D:10     | Killed a two-headed ogre
 11176 | D:10     | Reached skill level 5 in Dodging
 11385 | D:10     | Learned a level 3 spell: Mephitic Cloud
 11676 | D:10     | Reached skill level 5 in Axes
 11852 | D:11     | Reached XP level 12. HP: 42/70 MP: 24/24
 11857 | D:11     | Reached skill level 5 in Transmutations
 12038 | D:11     | Found a staircase to the Orcish Mines.
 12117 | D:11     | Noticed a two-headed ogre
 12126 | D:11     | Killed a two-headed ogre
 12127 | D:11     | Reached skill level 11 in Earth Magic
 12857 | D:12     | Identified the +4 ring mail "Yllauv" {rF+ MP+9 Int+5 Dex-5}
 12990 | D:12     | Found Gucynazaz's Assorted Antiques.
 12998 | D:12     | Bought a scroll labelled FUPPAZXUPIW for 29 gold pieces
 12998 | D:12     | Bought a shiny agate ring for 145 gold pieces
 12998 | D:12     | Bought 2 scrolls labelled CEATAO XERI for 58 gold pieces
 12998 | D:12     | Identified a scroll of acquirement
 13004 | D:12     | Acquired a +1 vampiric executioner's axe
 13395 | D:12     | Noticed a boulder beetle
 13424 | D:12     | Killed a boulder beetle
 14036 | D:13     | Noticed a five-headed hydra
 14036 | D:13     | Noticed a centaur warrior
 14037 | D:13     | Noticed a four-headed hydra
 14046 | D:12     | Killed a four-headed hydra
 14130 | D:12     | Killed a five-headed hydra
 14205 | D:12     | Killed a centaur warrior
 14215 | D:13     | Found the +3 pair of seven-league boots {Rampage+∞}
 14264 | D:13     | Noticed a centaur warrior
 14289 | D:13     | Killed a centaur warrior
 14290 | D:13     | Reached skill level 10 in Conjurations
 14290 | D:13     | Reached skill level 12 in Earth Magic
 14410 | D:13     | Got the Spellbook of the Pyromaniac and Beguiling
 14694 | D:13     | Noticed a tengu warrior
 14709 | D:13     | Killed a tengu warrior
 14710 | D:13     | Reached XP level 13. HP: 24/76 MP: 22/26
 14898 | D:13     | Got Pipnunampo's Guide on Assembling
 15003 | D:13     | Slain by a cyclops

Illustrated notes

Levels and vault maps discovered:
D:1:      dpeg_arrival_renting, layout_rooms, serial_forest,
          infiniplex_forest_straight_1, infiniplex_forest_lined_2,
          infiniplex_forest_end_2, infiniplex_forest_lined_room_2,
          infiniplex_forest_clump_curved, infiniplex_forest_side_room,
          minmay_vboxes
D:2:      layout_basic, serial_shops, nicolae_shop_crystal,
          dilly_ecumenical_altar_fadedgnrine, basic_altar
D:3:      layout_loops_corners, kennysheep_big_empty_room
D:4:      layout_basic, nicolae_gozag_cash_rules_everything_around_me,
          general_overflow_altar, chequers_serial_rivers_small_3,
          minmay_misc_feat_diagonals, minmay_lizard_king, uniq_sigmund,
          uniq_eustachio, uniq_blork_the_orc
D:5:      layout_layer_cave, lemuel_round_altar, serial_shops, shop_statue
D:6:      layout_gridville, nicolae_overflow_crystal_walls,
          mainiacjoe_overflow_24_doors, lightli_ossuary_entry_decrepit_ruins,
          uniq_maggie, uniq_menkaure, uniq_pikel, uniq_crazy_yiuf_cottage
D:7:      layout_loops_cross, trog_butcher_becter,
          minmay_temple_entry_statues_fountains, serial_shops, shop,
          nicolae_shop_behind_doors, nicolae_shop_bloodbath_and_beyond,
          kennysheep_mini_moat, minmay_ruined_shrine
D:8:      layout_basic, uniq_joseph
D:9:      layout_loops_cross
D:10:     layout_layer_cave, minmay_lair_entry_grove
D:11:     layout_cave_pools, erik_orc_1
D:12:     layout_stronghold, serial_shops, shop
D:13:     minmay_ambush_box, layout_basic

Skill      XL: |  1  2  3  4  5  6  7  8  9 10 11 12 13 |
---------------+----------------------------------------+-----
Transmutations | 1 2 3 4 5 |  5.8
Earth Magic    | 4 5 6 8 9 10 12 | 12.3
Dodging        | 2 3 4 5 6 |  6.0
Stealth        | 3 4 5 |  5.1
Spellcasting   | 3 4 6 7 8 9 |  9.4
Fighting       | 1 2 4 5 6 7 |  7.2
Conjurations   | 1 2 4 5 7 8 10 | 10.3
Axes           | 1 2 3 4 5 6 |  6.0

Action                   |  1- 3 |  4- 6 |  7- 9 | 10-12 | 13-15 || total
-------------------------+-------+-------+-------+-------+-------++-------
Melee: Unarmed           |    21 |       |       |       |       ||    21
       Broad axe         |       |     4 |    11 |    11 |       ||    26
       Executioner's axe |       |       |       |    13 |    18 ||    31
Throw: Dart              |       |     2 |     2 |     9 |       ||    13
 Cast: Sandblast         |    56 |    62 |   175 |   444 |    16 ||   753
       Stone Arrow       |       |       |     7 |    20 |     7 ||    34
       Iron Shot         |       |       |       |       |     3 ||     3
       Mephitic Cloud    |       |       |       |       |     1 ||     1
Evoke: Wand              |       |       |     2 |     4 |     1 ||     7
  Use: Scroll            |       |     9 |    11 |     9 |       ||    29
       Potion            |       |       |     3 |     1 |     2 ||     6
Armor: Robe              |     7 |    11 |    30 |       |       ||    48
       Steam dragon scal |       |       |       |    86 |       ||    86
       Ring mail         |       |       |       |   114 |    17 ||   131
Dodge: Dodged            |    33 |    10 |    60 |   362 |    32 ||   497

Table legend: (Time is in decaauts)
 A = Elapsed time spent in this place.
 B = Non-inter-level travel time spent in this place.
 C = Inter-level travel time spent in this place.
 D = Time resting spent in this place.
 E = Time spent auto-exploring this place.
 F = Levels seen in this place.
 G = Mean time per level.
                   A        B        C        D        E       F      G
               +--------+--------+--------+--------+--------+-----+--------+
         Total |  15429 |  14880 |    549 |    884 |  11534 |  14 | 1102.1 |
       Dungeon |  14588 |  14039 |    549 |    884 |  10833 |  13 | 1122.2 |
       Ossuary |    840 |    840 |      0 |      0 |    701 |   1 |  840.0 |
               +--------+--------+--------+--------+--------+-----+--------+

Top non-repeatable levels by time:
     D:4: 1787 daAuts
    D:12: 1462 daAuts
     D:5: 1322 daAuts
     D:7: 1191 daAuts
     D:3: 1129 daAuts
    D:10: 1108 daAuts
     D:6: 1062 daAuts
     D:1: 1033 daAuts
    D:11: 991 daAuts
     D:8: 952 daAuts
     D:2: 896 daAuts
 Ossuary: 840 daAuts
    D:13: 838 daAuts
     D:9: 813 daAuts
